 Dungeon Crawl Stone Soup version 0.29-a0-362-g5854e031c7 (webtiles) character file.

Game seed: 13641310616344536045

979844 Morbidden the Conqueror (level 27, 0/336 (409) HPs)
             Began as a Minotaur Hunter on Apr 28, 2022.
             Was the Champion of Cheibriados.
             Killed from afar by Antaeus (2 damage)
             ... with a bolt of lightning
             ... on level 7 of Cocytus on Apr 29, 2022.
             The game lasted 04:43:01 (139461 turns).

Morbidden the Conqueror (Minotaur Hunter)         Turns: 139461, Time: 04:43:01

HP:   0/336 (409)   AC: 45    Str: 40 (42) XL:     27
MP:   0/59          EV: 31    Int: 26 (28) God:    Cheibriados [******]
Gold: 5900          SH: 15    Dex: 37 (39) Spells: 22/55 levels left

rFire   + . .      SeeInvis .   b - +8 demon whip of the Black Skies {vamp, rElec rN+}
rCold   + + +      Faith    .   D - +3 buckler "Gizatu" {rN++ Dex+2 Slay+6}
rNeg    + + +      Spirit   +   r - +9 gold dragon scales
rPois   +          Reflect  .   K - +3 hat of Pondering {ponderous, Will+ MP+10 Int+5}
rElec   +          Harm     .   e - +2 cloak of Resonance {rC+}
rCorr   +          Rampage  .   W - +0 pair of fencer's gloves {Riposte Dex+3}
Will    ++++.      Rage     9%  P - +0 pair of boots {Fly}
Stlth   ..........              u - amulet of guardian spirit
HPRegen 0.66/turn               F - ring of the Harvest {rN+ Int+4 Slay+5}
MPRegen 0.36/turn               O - ring of Surprise {rCorr MP+9 Str+4 Dex+2 Stlth+}

@: berserking (expiring), lethally poisoned (0 -> -2), frozen, flying, heavily
drained, unable to read, unable to drink, very slow
A: horns 2, retaliatory headbutt, claws 1, iridescent scales 2, berserk 3,
clumsy 1, cold resistance 1, deformed body, dopey 2, strong-willed 1, screaming
1, no potion heal 1, inability to read while threatened
}: 7/15 runes: serpentine, barnacled, slimy, silver, abyssal, demonic, magical
a: Renounce Religion, Bend Time, Temporal Distortion, Slouch, Step From Time


You were on level 7 of Cocytus.
You worshipped Cheibriados.
Cheibriados was exalted by your worship.
You visited 16 branches of the dungeon, and saw 69 of its levels.
You visited Pandemonium 1 time, and saw 6 of its levels.
You visited the Abyss 8 times.
You visited 1 bazaar.
You also visited: Ossuary, Ice Cave and Wizlab.

You collected 11741 gold pieces.
You spent 5841 gold pieces at shops.

Inventory:

Hand Weapons
 a - the +11 hand crossbow of the Magic Mushroom {elec, rF+ rN+ Int+3}
   (You bought it in a shop on level 4 of the Dungeon)

   Any ammunition fired from it occasionally discharges a powerful burst of
   electricity upon striking a foe.
   Int:       It affects your intelligence (+3).
   rF:        It protects you from fire.
   rN:        It protects you from negative energy.
 b - the +8 demon whip of the Black Skies (weapon) {vamp, rElec rN+}
   (You found it in a wizard's laboratory)

   It occasionally heals its wielder for a portion of the damage dealt when it
   wounds a living foe.
   rElec:     It insulates you from electricity.
   rN:        It protects you from negative energy.
 C - a +0 double sword of venom
 M - a +8 broad axe of flaming
Missiles
 E - 14 curare-tipped darts
 G - 8 silver javelins
 X - 15 javelins
 Z - 2 throwing nets
Armour
 e - the +2 cloak of Resonance (worn) {rC+}
   (You found it on level 3 of the Elven Halls)

   rC:        It protects you from cold.
 r - +9 gold dragon scales (worn)
 D - the +3 buckler "Gizatu" (worn) {rN++ Dex+2 Slay+6}
   (You found it on level 2 of the Elven Halls)

   Dex:       It affects your dexterity (+2).
   Slay:      It affects your accuracy & damage with ranged weapons and melee
   (+6).
   rN:        It greatly protects you from negative energy.
 K - the +3 hat of Pondering (worn) {ponderous, Will+ MP+10 Int+5}
   (You bought it in a shop on level 1 of the Snake Pit)

   Int:       It affects your intelligence (+5).
   MP:        It affects your magic capacity (+10).
   Will:      It increases your willpower.
 P - a +0 pair of boots of flying (worn)
 W - the +0 pair of fencer's gloves (worn) {Riposte Dex+3}
   (You acquired it on level 4 of the Lair of Beasts)

   It allows the wearer to riposte with melee weapons, swiftly retaliating
   against missed attacks.
   Dex:       It affects your dexterity (+3).
Jewellery
 t - the amulet of the Four Winds {rN+ Will+++ Clar}
   (You took it off a yaktaur captain on level 5 of the Vaults)

   [amulet of nothing]

   rN:        It protects you from negative energy.
   Clar:      It protects you against confusion.
   Will:      It greatly increases your willpower.
 u - an amulet of guardian spirit (around neck)
 y - the ring of Exteros {rF+ rC+}
   (You found it on level 5 of the Vaults)

   [ring of protection from cold]

   rF:        It protects you from fire.
   rC:        It protects you from cold.
 F - the ring of the Harvest (left hand) {rN+ Int+4 Slay+5}
   (You found it on level 3 of the Crypt)

   [ring of positive energy]

   Int:       It affects your intelligence (+4).
   Slay:      It affects your accuracy & damage with ranged weapons and melee
   (+5).
   rN:        It protects you from negative energy.
 L - the ring of the Hare {EV+8}
   (You took it off a hell knight on level 3 of the Crypt)

   [ring of evasion]

   EV:        It affects your evasion (+8).
 O - the ring of Surprise (right hand) {rCorr MP+9 Str+4 Dex+2 Stlth+}
   (You found it on level 6 of the Lair of Beasts)

   [ring of magical power]

   Str:       It affects your strength (+4).
   Dex:       It affects your dexterity (+2).
   MP:        It affects your magic capacity (+9).
   rCorr:     It protects you from acid and corrosion.
   Stlth:     It makes you more stealthy.
 V - the ring of the Beloved Mango {rC+ MP+9}
   (You bought it in a shop on level 1 of the Snake Pit)

   [ring of magical power]

   rC:        It protects you from cold.
   MP:        It affects your magic capacity (+9).
 Y - a ring of see invisible
Wands
 f - a wand of mindburst (9)
 m - a wand of iceblast (35)
 s - a wand of acid (37)
 v - a wand of paralysis (36)
 x - a wand of flame (8)
 U - a wand of digging (12)
Scrolls
 c - 5 scrolls of blinking
 j - 8 scrolls of fear
 o - 5 scrolls of silence
 B - 9 scrolls of holy word
 H - 6 scrolls of amnesia
 I - 3 scrolls of summoning
 J - 2 scrolls of enchant weapon
 N - 13 scrolls of magic mapping
 T - 17 scrolls of teleportation
Potions
 d - 5 potions of berserk rage
 g - 28 potions of curing
 h - 4 potions of mutation
 k - 2 potions of resistance
 n - 7 potions of might
 p - 6 potions of heal wounds
 A - 11 potions of cancellation
 Q - 13 potions of ambrosia
 S - 2 potions of magic
Miscellaneous
 i - the horn of Geryon (inert)
 l - a lightning rod (4/4)
 q - a box of beasts (inert)
 w - a tin of tremorstones (2/2)
 z - a phantom mirror (inert)
 R - a condenser vane (inert)


   Skills:
 O Level 27 Fighting
 * Level 9.0 Long Blades
 + Level 17.9(21.2) Axes
 * Level 19.0(21.7) Maces & Flails
 O Level 27 Crossbows
 + Level 1.1 Throwing
 * Level 26.5 Armour
 * Level 20.2 Dodging
 + Level 4.1 Stealth
 + Level 17.7 Shields
 + Level 0.4 Unarmed Combat
 * Level 14.8 Spellcasting
 * Level 11.6 Conjurations
 * Level 11.7 Necromancy
 + Level 13.9 Translocations
 * Level 12.3 Transmutations
 * Level 7.5 Fire Magic
 + Level 6.3 Air Magic
 - Level 12.0 Invocations
 * Level 14.9 Evocations


You had 22 spell levels left.
You knew the following spells:

 Your Spells              Type           Power      Damage    Failure   Level
a - Fireball              Conj/Fire      31%        3d13      6%          5
b - Manifold Assault      Tloc           75%        N/A       1%          5
c - Orb of Destruction    Conj           34%        9d10      63%         7
d - Necromutation         Tmut/Necr      34%        N/A       99%         8
s - Airstrike             Air            25%        N/A       9%          4
z - Iskenderun's Mystic   Conj/Tloc      72%        2d15      1%          4

Your spell library contained the following spells:

 Spells                   Type           Power      Damage    Failure   Level
 Animate Skeleton         Necr           100%       N/A       1%          1
 Apportation              Tloc           100%       N/A       1%          1
 Beastly Appendage        Tmut           100%       N/A       1%          1
 Foxfire                  Conj/Fire      100%       2x1d9     1%          1
 Magic Dart               Conj           100%       1d8       1%          1
 Pain                     Necr           100%       1d9       1%          1
 Shock                    Conj/Air       100%       1d9       1%          1
 Sting                    Tmut/Pois      100%       1d8       1%          1
 Blink                    Tloc           100%       N/A       1%          2
 Corpse Rot               Necr/Air       100%       N/A       1%          2
 Passwall                 Tmut/Erth      42%        N/A       1%          2
 Scorch                   Fire           100%       2d10      1%          2
 Static Discharge         Conj/Air       60%        N/A       1%          2
 Wereblood                Tmut           70%        N/A       1%          2
 Conjure Flame            Conj/Fire      62%        6-21      1%          3
 Gell's Gravitas          Tloc           75%        N/A       1%          3
 Lesser Beckoning         Tloc           75%        N/A       1%          3
 Portal Projectile        Hex/Tloc       100%       N/A       1%          3
 Teleport Other           Tloc           75%        N/A       1%          3
 Vampiric Draining        Necr           69%        2d10      1%          3
 Animate Dead             Necr           34%        N/A       1%          4
 Dispel Undead            Necr           69%        3d23      1%          4
 Passage of Golubria      Tloc           75%        N/A       1%          4
 Blade Hands              Tmut           35%        N/A       1%          5
 Ignite Poison            Fire/Tmut/Pois 52%        N/A       2%          3
 Spider Form              Tmut/Pois      51%        N/A       2%          3
 Swiftness                Air            51%        N/A       2%          3
 Flame Wave               Conj/Fire      62%        2d12      2%          4
 Sticky Flame             Conj/Fire      62%        2d8       2%          4
 Agony                    Necr           69%        N/A       2%          5
 Excruciating Wounds      Necr           34%        N/A       2%          5
 Iskenderun's Battlesphe  Conj           68%        2d12      2%          5
 Dazzling Flash           Conj/Hex       98%        N/A       3%          3
 Mephitic Cloud           Conj/Pois/Air  50%        N/A       3%          3
 Stone Arrow              Conj/Erth      98%        3d13      3%          3
 Poisonous Vapours        Pois/Air       70%        N/A       4%          2
 Dispersal                Tloc           37%        N/A       5%          6
 Inner Flame              Hex/Fire       39%        N/A       7%          3
 Lightning Bolt           Conj/Air       30%        1d47      8%          5
 Ice Form                 Ice/Tmut       51%        N/A       9%          4
 Petrify                  Tmut/Erth      51%        N/A       9%          4
 Anguish                  Hex/Necr       24%        N/A       11%         4
 Fulminant Prism          Conj/Hex       24%        3d13      11%         4
 Sandblast                Erth           38%        2d10      12%         1
 Summon Small Mammal      Summ           76%        N/A       12%         1
 Death Channel            Necr           34%        N/A       14%         6
 Call Imp                 Summ           19%        N/A       17%         2
 Ensorcelled Hibernation  Hex/Ice        38%        N/A       17%         2
 Summon Forest            Summ/Tloc      26%        N/A       19%         5
 Alistair's Intoxication  Tmut/Pois      34%        N/A       26%         5
 Freezing Cloud           Conj/Ice/Air   25%        6-21      26%         5
 Yara's Violent Unravell  Hex/Tmut       25%        3d11      26%         5
 Borgnjor's Vile Clutch   Necr/Erth      24%        N/A       28%         5
 Summon Lightning Spire   Summ/Air       35%        N/A       30%         4
 Starburst                Conj/Fire      31%        6d9       32%         6
 Call Canine Familiar     Summ           19%        N/A       34%         3
 Confusing Touch          Hex            19%        N/A       34%         3
 Frozen Ramparts          Ice            38%        1d5       34%         3
 Ozocubu's Armour         Ice            19%        N/A       34%         3
 Summon Guardian Golem    Hex/Summ       19%        N/A       34%         3
 Tukima's Dance           Hex            19%        N/A       34%         3
 Conjure Ball Lightning   Conj/Air       30%        3x3d10    41%         6
 Silence                  Hex/Air        17%        N/A       65%         5
 Animate Armour           Summ/Erth      38%        N/A       75%         4
 Cause Fear               Hex            9%         N/A       75%         4
 Leda's Liquefaction      Hex/Erth       9%         N/A       75%         4
 Olgreb's Toxic Radiance  Pois           19%        N/A       75%         4
 Summon Ice Beast         Ice/Summ       19%        N/A       75%         4
 Eringya's Noxious Bog    Tmut/Pois      25%        N/A       80%         6
 Statue Form              Tmut/Erth      34%        N/A       80%         6
 Iron Shot                Conj/Erth      24%        9d5       85%         6
 Simulacrum               Ice/Necr       24%        N/A       85%         6
 Storm Form               Tmut/Air       30%        N/A       91%         7
 Disjunction              Tloc           37%        N/A       94%         8
 Lee's Rapid Deconstruct  Erth           9%         3d8*      97%         5
 Metabolic Englaciation   Hex/Ice        9%         N/A       97%         5
 Summon Mana Viper        Hex/Summ       19%        N/A       97%         5
 Malign Gateway           Summ/Tloc      26%        N/A       99%         7
 Borgnjor's Revivificati  Necr           34%        N/A       99%         8
 Summon Cactus Giant      Summ           9%         N/A       100%        6
 Enfeeble                 Hex            9%         N/A       100%        7
 Ozocubu's Refrigeration  Ice            9%         4d6       100%        7
 Spellforged Servitor     Conj/Summ      24%        N/A       100%        7
 Summon Hydra             Summ           9%         N/A       100%        7
 Discord                  Hex            9%         N/A       100%        8
 Lehudib's Crystal Spear  Conj/Erth      24%        10d7      100%        8
 Maxwell's Capacitive Co  Air            25%        ∞         100%        8
 Summon Horrible Things   Summ           9%         N/A       100%        8
 Chain Lightning          Conj/Air       30%        3d40      100%        9
 Death's Door             Necr           34%        N/A       100%        9
 Polar Vortex             Ice            9%         N/A       100%        9


Dungeon Overview and Level Annotations

Branches:
Dungeon (15/15)            Temple (1/1) D:6            Lair (6/6) D:10
 Shoals (4/4) Lair:3        Snake (4/4) Lair:2        Slime (5/5) Lair:5
    Orc (2/2) D:10            Elf (3/3) Orc:2        Vaults (5/5) D:13
  Crypt (3/3) Vaults:2       Tomb (0/3) Crypt:3      Depths (4/4) D:15
   Hell (visited)             Dis (3/7) Hell            Geh (1/7) Hell
    Coc (7/7) Hell            Tar (0/7) Hell            Zot (5/5) Depths:4
Ossuary (visited)           IceCv (visited)          WizLab (visited)

Altars:
Ashenzari
Cheibriados
Dithmenos
Elyvilon
Fedhas
Gozag
Hepliaklqana
Kikubaaqudgha
Makhleb
Nemelex Xobeh
Qazlal
Ru
Sif Muna
Trog
Uskayaw
Vehumet
Wu Jian
Xom
Yredelemnul
Zin
The Shining One
Beogh
Jiyva
Lugonu

Shops:
D:4 [:?(   D:8 *   D:9 [([   Orc:2 :*(:[   Shoals:2 (*!   Snake:1 ?*?=(:=[
Snake:2 (   Vaults:3 :

Portals:
Hell: Depths:1 Depths:2 Depths:3 Depths:4
Abyss: Depths:1 Depths:2 Depths:3
Pandemonium: Depths:2
Ziggurat: Depths:2

Annotations:
D:4 1 runed translucent door, Crazy Yiuf
D:9 1 runed translucent door, raistware's ghost, journeyman HuIE
D:11 1 runed translucent door, Sickboy's ghost, journeyman MiFi
Vaults:1 3 runed translucent doors, exclusion: orange crystal statue, Kuomush's ghost, veteran DgAE
Depths:3 3 runed translucent doors
Depths:4 exclusion: orange crystal statue
Coc:7 exclusion: ice statue, Antaeus


Innate Abilities, Weirdness & Mutations

You have a pair of horns on your head.
You reflexively headbutt those who attack you in melee.
You have sharp fingernails.
You are mostly covered in iridescent scales. (AC +4)
You have an uncontrollable temper.
You are clumsy. (Dex -2)
Your flesh is cold resistant. (rC+)
Armour fits poorly on your strangely shaped body.
You are very dopey. (Int -4)
You are strong-willed. (Will+)
You occasionally shout uncontrollably at your foes.
Potions are less effective at restoring your health.
You sometimes lose the ability to read scrolls when taking damage.


Message History

* * * LOW HITPOINT WARNING * * *
Antaeus freezes you! You resist.
* * * LOW HITPOINT WARNING * * *
Antaeus hits you with a +1 halberd of venom.
* * * LOW HITPOINT WARNING * * *
Antaeus freezes you! You resist.
* * * LOW HITPOINT WARNING * * *
You are more poisoned.
You thrash Antaeus!!
Antaeus is severely wounded.
You feel sick.
Unknown command.
You thrash Antaeus!! You headbutt Antaeus!
Antaeus is severely wounded.
You feel sick. You block Antaeus's attack. x2
Unknown command.
You punish Antaeus, causing immense pain!!!
You headbutt Antaeus, but do no damage.
Antaeus is severely wounded.
You feel sick.
Unknown command.
You hit Antaeus but do no damage. You headbutt Antaeus.
Antaeus is severely wounded.
The ice encasing you melts away.
You feel sick. Antaeus gestures at you. The flash freeze hits you!!
You partially resist.
* * * LOW HITPOINT WARNING * * *
You are encased in ice.
You whack Antaeus!
Antaeus is severely wounded.
* * * LOW HITPOINT WARNING * * *
You feel sick.
Unknown command.
Unknown command.
You barely miss Antaeus.
Antaeus is severely wounded.
Antaeus gestures at you. The bolt of lightning hits you. You resist.
You die...

##
##.#....#.≈≈≈# #
##......#.≈≈## #
. #........#.≈≈#
#
..#...#....#.≈≈#
#
.........#.≈≈≈#
# #.....#..#.≈≈#
# #........#.≈≈#
# ##......#.≈≈##
# ##.#...@#.≈≈≈#
.#
##.≈.####C≈≈≈≈#
≈.
#.≈≈≈..C.≈≈≈≈≈#
.
.#.≈≈≈≈≈≈≈≈≈≈≈#
#
..#.≈≈≈≈≈≈≈≈≈≈#
# #.≈≈≈≈≈≈≈≈≈≈#
# #.≈≈≈≈≈≈≈≈≈≈#
# #.≈≈≈≈≈≈≈≈≈≈#
. #.≈≈≈≈≈≈≈≈≈≈≈#


You could see Antaeus.

Vanquished Creatures
  the Royal Jelly (Slime:5)
  8 dread liches
  Lom Lobon (Pan)
  Khufu (Crypt:2)
  4 orbs of fire
  7 ancient liches
  4 juggernauts
  2 royal mummies (Crypt:2)
  Josephina (Depths:1)
  Boris (5 times) (Vaults:3 Depths:1 Crypt:1 Depths:3 Depths:4)
  20 shard shrikes
  5 pandemonium lords (Pan)
  Bai Suzhen (Vaults:2)
  Frederick (Vaults:2)
  5 Killer Klowns (Zot:5)
  Geryon (Hell)
  4 caustic shrikes (Dis:2)
  14 golden dragons
  2 curse toes
  A profane servitor (Abyss:4)
  A Hellbinder (WizLab)
  Nikola (Elf:2)
  A bone dragon (Crypt:3)
  3 electric golems
  An iron giant (Dis:3)
  17 tentacled monstrosities
  14 Ice Fiends
  2 Hell Sentinels
  A searing wretch (Hell)
  4 hellephants
  12 liches
  6 quicksilver dragons
  25 Orb Guardians (Zot:5)
  17 titans
  2 deep elf master archers (Elf:3)
  18 acid blobs
  Asterion (Vaults:3)
  23 tentacled starspawn
  3 deep elf blademasters
  4 sphinxes
  11 death cobs
  2 krakens
  Gastronok (D:8)
  8 Executioners (Pan)
  8 ancient champions
  7 shadow dragons
  5 tengu reavers
  A thorn hunter (Abyss:5)
  6 storm dragons
  15 draconian monks
  6 demonspawn warmongers (Pan)
  32 azure jellies
  5 revenants
  7 draconian knights
  18 narguns
  7 fire giants
  12 nagarajas
  15 rockslimes
  An iron dragon (Hell)
  18 vault wardens
  A daeva (Abyss:1)
  6 orc warlords
  3 quicksilver elementals
  7 deep elf sorcerers
  A juggernaut zombie (Crypt:3)
  22 frost giants
  2 deep elf elementalists
  10 shard shrike simulacra
  24 balrugs
  15 ghost moths
  Aizul (Snake:1)
  2 curse skulls (Crypt:2)
  13 draconian scorchers
  8 draconian stormcallers
  5 draconian shifters
  9 cacodemons
  23 demonspawn blood saints
  9 ghouls
  9 demonspawn corrupters (Pan)
  20 ironbound preservers
  15 reapers
  23 draconian annihilators
  14 quicksilver oozes
  43 very ugly things
  6 ironbound thunderhulks
  A caustic shrike skeleton (Abyss:4)
  17 stone giants
  12 deep elf demonologists
  16 vampire knights
  11 war gargoyles
  17 wendigos
  Nessos (D:13)
  8 green draconians
  6 deep elf annihilators
  10 white draconians
  18 elemental wellsprings
  8 yellow draconians
  9 black draconians
  2 entropy weavers
  The ghost of zorge82 the Slicer, a journeyman MfBr of Uskayaw (Lair:5)
  18 red draconians
  10 dire elephants
  6 lorocyprocas
  6 demonspawn black suns (Pan)
  12 purple draconians
  Azrael (Elf:1)
  100 green deaths
  15 spark wasps
  Snorg (D:14)
  6 iron golems
  5 eidola
  93 blizzard demons
  4 crystal guardians
  5 merfolk javelineers
  10 deep elf death magi
  2 deep elf high priests (Elf:3)
  7 jiangshi
  8 merfolk impalers
  10 ettins
  14 fire dragons
  An ice dragon (shapeshifter) (Vaults:5)
  19 rakshasas
  3 quicksilver dragon skeletons
  3 peacekeepers
  12 ice dragons
  16 great orbs of eyes
  A boulder beetle (shapeshifter) (Vaults:5)
  5 hell beasts
  29 vault guards
  17 yaktaur captains
  10 caustic shrike simulacra
  A spriggan zombie (Crypt:1)
  5 salamander tyrants
  An ogre mage (Vaults:5)
  5 merfolk avatars
  9 hydras
  A spriggan skeleton (Crypt:1)
  8 merfolk aquamancers
  10 boulder beetles
  A spriggan air mage (Depths:1)
  7 anacondas
  3 juggernaut simulacra
  8 ironbound frosthearts
  7 satyrs
  2 stokers (Geh:1)
  2 fenstrider witch zombies
  2 catoblepae
  34 dancing weapons
  A fenstrider witch skeleton (Crypt:1)
  3 alligator snapping turtles (Shoals:4)
  6 two-headed ogres
  2 death knights
  5 centaur warriors
  11 death yaks
  13 naga warriors
  3 deep troll shamans
  10 tengu warriors
  6 deep troll earth magi
  5 vampire magi
  2 orc high priests
  9 naga sharpshooters
  A titan zombie (Depths:3)
  33 thrashing horrors
  5 spriggan berserkers
  25 hell hogs
  4 shock serpents
  Sonja (Lair:1)
  19 deep elf knights
  A crystal echidna (Dis:3)
  48 soul eaters
  A titan skeleton (Crypt:3)
  132 sun demons
  36 hell knights
  9 iron trolls
  29 wretched stars
  A shadow wraith (Shoals:3)
  A goliath frog (shapeshifter) (Vaults:5)
  6 salamander mystics
  6 spatial maelstroms
  112 large abominations
  4 quicksilver dragon simulacra
  41 skeletal warriors
  65 sixfirhies
  26 shadow demons
  55 deep trolls
  7 flayed ghosts
  11 deep elf archers
  11 sea snakes
  10 glowing orange brains
  A swamp dragon (Abyss:5)
  A kraken simulacrum (Coc:7)
  3 bog bodies
  4 naga ritualists
  97 starcursed masses
  13 lindwurms
  11 necromancers
  A lindwurm (shapeshifter) (Vaults:5)
  30 deep elf pyromancers
  10 phantasmal warriors
  A fenstrider witch simulacrum (Coc:1)
  16 ironbound convokers
  4 oklob plants (Lair:5)
  A sphinx zombie (Depths:3)
  A fire giant zombie (Crypt:2)
  43 harpies
  An orc sorcerer (Orc:2)
  17 wizards
  5 mana vipers
  6 shining eyes
  2 iron dragon zombies
  18 manticores
  34 ugly things
  An anaconda skeleton (Crypt:3)
  7 cyclopes
  18 orc knights
  19 moths of wrath
  17 fauns
  24 deep elf zephyrmancers
  A will-o-the-wisp (Abyss:4)
  6 worldbinders
  A moth of wrath (shapeshifter) (Abyss:3)
  A shock serpent zombie (Crypt:1)
  6 apocalypse crabs
  Joseph (D:8)
  13 salamanders
  7 merfolk sirens
  16 naga magi
  16 vault sentinels
  8 guardian serpents
  14 rust devils
  An iron dragon skeleton (Crypt:3)
  A dire elephant zombie (Crypt:3)
  An eye of devastation (shapeshifter) (Vaults:5)
  9 elephants
  6 titan simulacra
  28 black mambas
  3 ice statues
  6 water nymphs
  2 eyes of devastation (Slime:4)
  348 smoke demons
  A gargoyle (D:13)
  A storm dragon simulacrum (Coc:1)
  2 torpor snails (Lair:5)
  46 demonic crawlers
  7 molten gargoyles
  A green draconian zombie (Crypt:2)
  Maggie (Lair:1)
  8 cane toads
  15 orange demons
  7 unseen horrors
  13 komodo dragons
  4 kobold demonologists (Abyss:3)
  30 hellions
  4 anaconda simulacra
  12 rime drakes
  7 tormentors
  A centaur skeleton (Abyss:3)
  13 freezing wraiths
  46 yaktaurs
  An iron giant simulacrum (Coc:3)
  6 tengu conjurers
  An alligator snapping turtle skeleton (Abyss:4)
  A bunyip simulacrum (Coc:2)
  3 efreet
  A hydra zombie (Crypt:2)
  2 golden dragon simulacra
  A catoblepas skeleton (Crypt:1)
  271 hellwings
  9 red devils
  23 ancient zymes
  2 harpy zombies
  2 queen bees
  2 ice devils
  A silent spectre (Abyss:3)
  A merfolk (shapeshifter) (Abyss:4)
  30 merfolk
  5 trolls
  13 polar bears
  6 meliai
  A queen bee (shapeshifter) (D:15)
  16 wind drakes
  A wolf spider simulacrum (D:14)
  An iron troll skeleton (Crypt:2)
  22 blink frogs
  45 raiju
  102 slime creatures
  A tarantella (shapeshifter) (Vaults:5)
  Prince Ribbit (D:9)
  A harpy skeleton (Crypt:1)
  14 snapping turtles
  2 fire dragon zombies (Crypt:3)
  A frost giant simulacrum (Depths:2)
  14 dream sheep
  A wind drake (shapeshifter) (Abyss:4)
  A shadow dragon simulacrum (Depths:2)
  2 ettin zombies (Crypt:3)
  2 stone giant simulacra
  A hydra skeleton (Crypt:2)
  An iron dragon simulacrum (Coc:7)
  3 air elementals
  A radroach zombie (Crypt:2)
  2 centaur simulacra (Coc:2)
  2 shadows
  Sigmund (D:2)
  55 flying skulls
  8 dire elephant simulacra
  7 wraiths
  A jumping spider (D:13)
  52 yaks
  3 vampires
  A satyr skeleton (Crypt:1)
  An alligator snapping turtle simulacrum (Coc:1)
  23 water elementals
  6 wyverns
  6 fire bats
  9 fire elementals
  39 ynoxinuls
  3 redbacks
  14 golden eyes
  59 chaos spawn
  A golden eye (shapeshifter) (Vaults:5)
  47 neqoxecs
  5 spriggan simulacra
  A human (shapeshifter) (D:13)
  2 steam dragons
  9 basilisks
  A redback (shapeshifter) (Depths:2)
  14 vampire mosquitoes
  36 nagas
  A faun zombie (Crypt:1)
  5 spatial vortices (Abyss:5)
  10 water moccasins
  15 harpy simulacra
  8 wargs
  Edmund (D:5)
  A swamp worm (shapeshifter) (Vaults:5)
  22 hell hounds
  3 hydra simulacra
  A floating eye (shapeshifter) (Abyss:5)
  A floating eye (Depths:4)
  38 orc warriors
  2 ice beasts
  12 black bears
  6 ettin simulacra
  4 sky beasts
  A black bear (shapeshifter) (Abyss:5)
  3 boggarts (Vaults:3)
  8 ogres
  27 wolves
  20 centaurs
  2 phantoms
  A rime drake zombie (Crypt:2)
  3 kobold brigands
  Blork the orc (D:5)
  3 naga simulacra
  A bullfrog (shapeshifter) (Abyss:3)
  12 bullfrogs
  2 gnoll sergeants
  8 necrophages
  3 earth elementals
  4 scorpions
  A yaktaur skeleton (Crypt:1)
  6 wights
  A shapeshifter zombie (Crypt:2)
  62 killer bees
  2 howler monkeys
  An electric eel (Shoals:4)
  5 quasits
  4 jellies
  A gnoll shaman (D:5)
  29 orc priests
  7 hounds
  25 small abominations
  3 iron imps
  Ijyb (D:4)
  9 hell rats
  An iguana (D:5)
  28 orc wizards
  A mummy (Ossuary)
  13 gnolls
  9 adders
  4 white imps
  2 ufetubi
  An adder zombie (Crypt:1)
  3 worms
  3 dart slugs
  95 orcs
  2 ball pythons (D:3)
  5 bats
  6 endoplasms
  3 giant cockroaches
  10 goblins
  8 hobgoblins
  6 jackals
  17 kobolds
  3 quokkas
  3 frilled lizards
  2 gnoll skeletons (Ossuary)
  A hobgoblin skeleton (Crypt:2)
  8 kobold skeletons (Ossuary)
  15 orc skeletons (Ossuary)
  3 quokka zombies
  7 rats
  A river rat skeleton (Crypt:2)
  A ball lightning (Pan)
  A fire vortex (Geh:1)
  3 lurking horrors
  25 starspawn tentacles
  14 tentacles
5021 creatures vanquished.

Vanquished Creatures (collateral kills)
  Rupert (D:14)
  An ancient champion (Crypt:1)
  An acid blob (Slime:2)
  A quicksilver ooze (Slime:5)
  A lorocyproca (Pan)
  A deep elf annihilator (Vaults:5)
  An ettin (Vaults:5)
  A blizzard demon (Pan)
  A deep elf high priest (Vaults:5)
  A hydra (D:13)
  2 sun demons (Pan)
  2 skeletal warriors (Crypt:1)
  A soul eater (Pan)
  A shadow demon (Pan)
  A bog body (Crypt:1)
  An ironbound convoker (Vaults:3)
  A shining eye (Slime:2)
  2 smoke demons (Pan)
  An orange demon (Hell)
  6 slime creatures (Slime:2)
28 creatures vanquished.

Vanquished Creatures (others)
  A dread lich (Zot:5)
  A nargun (Coc:3)
  A shard shrike simulacrum (Coc:4)
  3 demonspawn blood saints (Pan)
  A wendigo (Coc:7)
  3 blizzard demons
  2 caustic shrike simulacra
  2 juggernaut simulacra (Coc:2)
  3 sun demons
  A deep elf knight (Elf:2)
  A shadow wraith (Abyss:4)
  2 spriggan simulacra
  2 wizards (Pan)
  A deep elf pyromancer (Elf:2)
  A vault sentinel (Vaults:5)
  2 smoke demons (Pan)
  A hellwing (Pan)
  A centaur simulacrum (Coc:2)
  3 dire elephant simulacra
  2 alligator snapping turtle simulacra (Coc:2)
  A fire elemental (Elf:1)
  A golden eye (Abyss:4)
  2 harpy simulacra
  2 hydra simulacra
  An ettin simulacrum (Coc:4)
  A naga simulacrum (Coc:4)
  A ball python (D:4)
  8 ball lightnings (Pan)
  2 bushes
  18 foxfires (Abyss:4)
  50 fungi
  2 lurking horrors
  198 plants
  53 starspawn tentacles
  40 tentacles
  4 withered plants
418 creatures vanquished.

Grand Total: 5467 creatures vanquished

Notes
Turn   | Place    | Note
-------+----------+-------------------------------------------
     0 | D:1      | Morbidden the Minotaur Hunter began the quest for the Orb.
     0 | D:1      | Reached XP level 1. HP: 18/18 MP: 0/0
   109 | D:1      | Reached XP level 2. HP: 23/25 MP: 1/1
   163 | D:1      | Reached skill level 5 in Crossbows
   549 | D:1      | Found a faded altar of an unknown god.
   863 | D:2      | Reached XP level 3. HP: 30/30 MP: 2/2
   995 | D:2      | Noticed Sigmund
  1541 | D:2      | Killed Sigmund
  1542 | D:2      | Reached skill level 1 in Armour
  1542 | D:2      | Reached XP level 4. HP: 15/40 MP: 2/4
  1542 | D:2      | Reached XP level 5. HP: 18/46 MP: 2/5
  1762 | D:3      | Reached skill level 1 in Spellcasting
  1946 | D:3      | Identified the +1 ring mail of the Lion {rElec Str+4}
  2122 | D:3      | Reached XP level 6. HP: 48/52 MP: 6/6
  2865 | D:4      | Reached skill level 1 in Stealth
  3325 | D:4      | Found Kelebos's Antique Weapon Shop.
  3347 | D:4      | Found Ryzxuxynu's Magic Scroll Shoppe.
  3468 | D:3      | Reached XP level 7. HP: 45/60 MP: 7/7
  3582 | D:4      | Found Boloerph's Book Emporium.
  3768 | D:4      | Noticed Ijyb
  3778 | D:4      | Killed Ijyb
  3989 | D:4      | Found a runed translucent door.
  3990 | D:4      | Noticed Crazy Yiuf
  4075 | D:4      | Found Naulidez's Armour Emporium.
  4270 | D:5      | Entered Level 5 of the Dungeon
  4455 | D:5      | Noticed Blork the orc
  4468 | D:5      | Killed Blork the orc
  4589 | D:5      | Reached skill level 5 in Fighting
  4844 | D:4      | Bought an iridescent hand crossbow for 280 gold pieces
  4844 | D:4      | Identified the +11 hand crossbow of the Magic Mushroom
                  | {elec, rF+ rN+ Int+3} (You bought it in a shop on level 4
                  | of the Dungeon)
  4918 | D:5      | Reached XP level 8. HP: 68/68 MP: 9/9
  5088 | D:5      | Found a bloodstained altar of Trog.
  5088 | D:5      | Found a shadowy altar of Dithmenos.
  5090 | D:5      | Found a hide-covered altar of Uskayaw.
  5090 | D:5      | Found a blossoming altar of Fedhas.
  5199 | D:5      | Noticed Edmund
  5205 | D:5      | Killed Edmund
  5423 | D:6      | Identified the +10 quarterstaff "Ziysung" {flame, Fragile
                  | rElec Int+7}
  5585 | D:6      | Reached skill level 1 in Maces & Flails
  5662 | D:6      | Reached skill level 5 in Armour
  5694 | D:6      | Found a staircase to the Ecumenical Temple.
  5710 | Temple   | Entered the Ecumenical Temple
  5789 | Temple   | Became a worshipper of Cheibriados the Contemplative
  6051 | D:6      | Reached XP level 9. HP: 78/78 MP: 11/11
  6187 | D:6      | Reached skill level 10 in Crossbows
  6218 | D:6      | Reached skill level 1 in Invocations
  6432 | D:7      | Found a sand-covered staircase.
  6453 | Ossuary  | Entered an ossuary
  6462 | Ossuary  | Reached * piety under Cheibriados
  6709 | D:7      | Reached skill level 5 in Dodging
  6717 | D:7      | Reached ** piety under Cheibriados
  7684 | D:8      | Reached *** piety under Cheibriados
  7755 | D:8      | Noticed Joseph
  7755 | D:8      | Noticed a two-headed ogre
  7780 | D:8      | Noticed an angel
  7780 | D:8      | Found Cifoysapn's Hallowed Reliquary.
  7838 | D:8      | Reached XP level 10. HP: 67/86 MP: 7/12
  8114 | D:8      | Identified the +10 rapier of Crawling {distort, rPois rF+++
                  | Dex-2 Stlth+}
  8136 | D:8      | Noticed Gastronok
  8149 | D:8      | Killed Gastronok
  8347 | D:8      | Killed Joseph
  8387 | D:8      | Killed a two-headed ogre
  8714 | D:9      | Noticed Prince Ribbit
  8727 | D:9      | Killed Prince Ribbit
  9254 | D:9      | Reached **** piety under Cheibriados
  9287 | D:9      | Found Ebbuce's Armour Boutique.
  9358 | D:9      | Found a runed translucent door.
  9358 | D:9      | Noticed raistware's ghost (journeyman HuIE)
  9426 | D:9      | Found Owicish's Weapon Shoppe.
  9428 | D:9      | Found Farellog's Armour Boutique.
  9468 | D:9      | Noticed a two-headed ogre
  9473 | D:9      | Killed a two-headed ogre
  9474 | D:9      | Reached XP level 11. HP: 60/97 MP: 8/14
 10017 | D:10     | Entered Level 10 of the Dungeon
 10066 | D:10     | Identified a scroll of acquirement
 10067 | D:10     | Acquired a manual of Crossbows
 10109 | D:10     | Found a staircase to the Lair.
 10193 | D:10     | Reached ***** piety under Cheibriados
 10441 | D:10     | Found a staircase to the Orcish Mines.
 10638 | D:10     | Reached skill level 10 in Fighting
 10638 | D:10     | Reached skill level 5 in Maces & Flails
 11026 | D:11     | You fall into a shaft and drop 2 floors!
 11620 | D:13     | Noticed Nessos
 11626 | D:13     | Killed Nessos
 11751 | D:13     | Noticed a centaur warrior
 11757 | D:13     | Killed a centaur warrior
 11982 | D:13     | Noticed a two-headed ogre
 11982 | D:13     | Noticed a vault guard
 11982 | D:13     | Noticed a vault guard
 11987 | D:13     | Noticed a vault guard
 11993 | D:13     | Noticed a vault guard
 11994 | D:13     | Killed a two-headed ogre
 11995 | D:13     | Reached XP level 12. HP: 77/108 MP: 12/17
 12127 | D:13     | Reached skill level 5 in Invocations
 12384 | D:13     | Killed a vault guard
 12573 | D:13     | Killed a vault guard
 13006 | D:12     | Noticed a centaur warrior
 13011 | D:12     | Killed a centaur warrior
 13194 | D:12     | Reached ****** piety under Cheibriados
 13605 | D:11     | Noticed an eight-headed hydra
 13610 | D:11     | Killed an eight-headed hydra
 13919 | D:11     | Noticed a two-headed ogre
 13924 | D:11     | Killed a two-headed ogre
 14002 | D:11     | Found a runed translucent door.
 14035 | D:11     | Reached skill level 15 in Crossbows
 14327 | D:11     | Noticed Sickboy's ghost (journeyman MiFi)
 14428 | Lair:1   | Entered Level 1 of the Lair of Beasts
 14527 | Lair:1   | Noticed Sonja
 14538 | Lair:1   | Killed Sonja
 14611 | Lair:1   | Reached XP level 13. HP: 119/119 MP: 19/19
 14991 | Lair:1   | Noticed Maggie
 14997 | Lair:1   | Killed Maggie
 15352 | Lair:2   | Found a staircase to the Snake Pit.
 15482 | Lair:2   | Reached skill level 10 in Armour
 15539 | Lair:2   | Reached skill level 5 in Spellcasting
 16223 | Snake:1  | Entered Level 1 of the Snake Pit
 16623 | Lair:3   | Found a staircase to the Shoals.
 17764 | Lair:4   | Acquired the +0 pair of fencer's gloves {Riposte Dex+3}
 17764 | Lair:4   | Found the +0 pair of fencer's gloves {Riposte Dex+3}
 17863 | Lair:4   | Learned a level 5 spell: Manifold Assault
 17871 | Lair:4   | Learned a level 7 spell: Orb of Destruction
 18236 | Lair:4   | Learned a level 4 spell: Airstrike
 18612 | Lair:5   | Reached XP level 14. HP: 100/130 MP: 21/21
 18714 | Lair:5   | Reached skill level 1 in Conjurations
 18933 | Lair:5   | Reached skill level 1 in Translocations
 19334 | Lair:5   | Noticed zorge82's ghost (journeyman MfBr)
 19341 | Lair:5   | Found a runed translucent door.
 19630 | Lair:5   | Found a staircase to the Slime Pits.
 19639 | Lair:5   | Reached skill level 1 in Air Magic
 19715 | Lair:6   | Entered Level 6 of the Lair of Beasts
 19752 | Lair:6   | Found a frozen archway.
 19770 | IceCv    | Entered an ice cave
 20681 | IceCv    | Noticed a frost giant
 20883 | IceCv    | Killed a frost giant
 21557 | Lair:6   | Reached skill level 15 in Fighting
 22165 | Lair:6   | Reached XP level 15. HP: 117/141 MP: 20/22
 22279 | Lair:6   | Reached skill level 10 in Dodging
 22396 | Lair:6   | Identified the ring of Surprise {rCorr MP+9 Str+4 Dex+2
                  | Stlth+}
 23926 | D:13     | Found a gate to the Vaults.
 24781 | D:13     | Reached skill level 1 in Evocations
 25332 | D:14     | Noticed Snorg
 25345 | D:14     | Killed Snorg
 26324 | D:15     | Entered Level 15 of the Dungeon
 26324 | D:15     | Noticed Rupert
 26325 | D:15     | Paralysed by Rupert for 2 turns
 26331 | D:14     | Killed Rupert
 27488 | D:15     | Found a sacrificial altar of Ru.
 28208 | D:15     | Reached XP level 16. HP: 142/152 MP: 24/24
 28240 | D:15     | Found a staircase to the Depths.
 28485 | Orc:1    | Entered Level 1 of the Orcish Mines
 29012 | Orc:1    | You fall into a shaft and drop 1 floor!
 29012 | Orc:2    | Entered Level 2 of the Orcish Mines
 29329 | Orc:2    | Found a staircase to the Elven Halls.
 29354 | Orc:2    | Found Lueh's Book Boutique.
 29449 | Orc:2    | Found a burning altar of Makhleb.
 29519 | Orc:2    | Found Mioxoaw's Book Emporium.
 29519 | Orc:2    | Found Ehod's Antique Weapon Boutique.
 29521 | Orc:2    | Found Nosiegi's Assorted Antiques.
 29523 | Orc:2    | Found Ongoddev's Armour Shoppe.
 29537 | Orc:2    | Bought a manual of Translocations for 1040 gold pieces
 29537 | Orc:2    | Bought a manual of Axes for 1040 gold pieces
 29861 | Snake:1  | Found Coumyuta's Magic Scroll Shoppe.
 29875 | Snake:1  | Bought a scroll of teleportation for 45 gold pieces
 29875 | Snake:1  | Bought a scroll of teleportation for 45 gold pieces
 29908 | Snake:1  | Found Biann's Antique Weapon Shop.
 30222 | Snake:1  | Found Fufekk's Antique Armour Boutique.
 30259 | Snake:1  | Reached skill level 1 in Axes
 30465 | Snake:1  | Found Zaintoto's Magic Scroll Shop.
 30515 | Snake:1  | Noticed Aizul
 30529 | Snake:1  | Killed Aizul
 30742 | Snake:1  | Found Muppogg's Assorted Antiques.
 30832 | Snake:1  | Found Puyc Lat's Jewellery Emporium.
 30834 | Snake:1  | Found Ukhuarr's Book Shop.
 30835 | Snake:1  | Found Fuasiceo's Jewellery Emporium.
 30978 | Snake:2  | Found Hietticw's Weapon Emporium.
 33161 | Snake:4  | Entered Level 4 of the Snake Pit
 33432 | Snake:4  | Reached skill level 10 in Maces & Flails
 33439 | Snake:4  | Reached XP level 17. HP: 79/161 MP: 13/25
 34232 | Snake:4  | HP: 8/162 [naga warrior/+0 war axe (22)]
 34837 | Snake:4  | Reached skill level 5 in Axes
 34871 | Snake:4  | Reached skill level 5 in Translocations
 36098 | Snake:4  | Got a serpentine rune of Zot
 36252 | Shoals:1 | Entered Level 1 of the Shoals
 37771 | Shoals:2 | Found Tip Niwn's Weapon Emporium.
 37990 | Shoals:2 | Noticed a kraken
 38112 | Shoals:2 | Found Latuvih's Assorted Antiques.
 38190 | Shoals:2 | Reached XP level 18. HP: 160/172 MP: 27/27
 38324 | Shoals:2 | Found Zoddoivat's Distillery.
 39565 | Shoals:4 | Entered Level 4 of the Shoals
 40069 | Shoals:3 | Reached skill level 5 in Conjurations
 40123 | Shoals:4 | HP: 5/173 [merfolk impaler/+4 trident of freezing (10)]
 40123 | Shoals:4 | HP: 2/173 [merfolk impaler/+4 trident of freezing (3)]
 40483 | Shoals:4 | Reached skill level 15 in Armour
 40767 | Shoals:4 | Got a barnacled rune of Zot
 42546 | Shoals:4 | Reached skill level 5 in Evocations
 43585 | Elf:1    | Entered Level 1 of the Elven Halls
 43649 | Elf:1    | Noticed Azrael
 43658 | Elf:1    | Killed Azrael
 43802 | Elf:1    | Found a flickering gateway to a bazaar.
 43809 | Bazaar   | Entered a bazaar
 44063 | Bazaar   | Found Giecimpu's Armour Shoppe.
 44064 | Bazaar   | Found Voonoske's Assorted Antiques.
 44109 | Bazaar   | Found Zaulicek's General Store.
 44109 | Bazaar   | Found Koshubotem's Weapon Emporium.
 44443 | Elf:1    | Cast into level 3 of the Abyss (+2 trident of distortion)
 44541 | Elf:1    | Escaped the Abyss
 44547 | Elf:1    | Reached XP level 19. HP: 71/181 MP: 10/29
 47141 | Elf:2    | Identified the +3 buckler "Gizatu" {rN++ Dex+2 Slay+6}
 47214 | Elf:2    | Reached skill level 5 in Air Magic
 47227 | Elf:2    | Found a runed translucent gate.
 47228 | Elf:2    | Found a runed translucent gate.
 47228 | Elf:2    | Found a runed translucent gate.
 47464 | Elf:3    | Entered Level 3 of the Elven Halls
 47810 | Elf:3    | Cast into level 2 of the Abyss (a deep elf demonologist)
 47820 | Abyss:2  | Found a corrupted altar of Lugonu.
 48896 | Elf:3    | Escaped the Abyss
 48897 | Elf:3    | Noticed a Tzitzimitl
 49111 | Elf:3    | Paralysed by an air elemental for 1 turns
 49171 | Elf:3    | Paralysed by an air elemental for 1 turns
 49176 | Elf:3    | Paralysed by an air elemental for 1 turns
 49227 | Elf:3    | Reached skill level 1 in Shields
 49625 | Elf:3    | Identified the +4 shortbow of Weak Innocence {freeze, rElec
                  | rF+ Str-5 Dex+7}
 50051 | Elf:3    | Identified the +7 lajatang of Doubt {vorpal, *Corrode Str+3
                  | SInv}
 50326 | Snake:1  | Bought the +3 hat of Pondering {ponderous, Will+ MP+10
                  | Int+5} for 1181 gold pieces
 50326 | Snake:1  | Found the +3 hat of Pondering {ponderous, Will+ MP+10
                  | Int+5}
 50524 | Vaults:1 | Entered Level 1 of the Vaults
 50773 | Vaults:1 | Reached skill level 10 in Axes
 51144 | Vaults:1 | You fall into a shaft and drop 1 floor!
 51170 | Vaults:1 | Reached skill level 10 in Invocations
 52070 | Vaults:1 | Found a runed translucent gate.
 52070 | Vaults:1 | Found a runed translucent gate.
 52070 | Vaults:1 | Found a runed translucent gate.
 52072 | Vaults:1 | Noticed Kuomush's ghost (veteran DgAE)
 52073 | Vaults:1 | Identified the -4 kite shield of Wiridix {Dex+2}
 52190 | Vaults:1 | Reached XP level 20. HP: 88/193 MP: 23/30
 53302 | Vaults:1 | Learned a level 4 spell: Iskenderun's Mystic Blast
 53898 | Vaults:2 | Noticed Bai Suzhen
 53911 | Vaults:2 | Killed Bai Suzhen
 54270 | Vaults:2 | Noticed Frederick
 54279 | Vaults:2 | Killed Frederick
 54478 | Vaults:2 | Found a staircase to the Crypt.
 55958 | Vaults:3 | Identified the +2 kite shield of Shielding {+Inv rC- SInv
                  | Stlth+}
 55958 | Vaults:3 | Noticed Asterion
 55971 | Vaults:3 | Killed Asterion
 56250 | Vaults:3 | Noticed Boris
 56739 | Vaults:3 | Paralysed by a great orb of eyes for 5 turns
 56873 | Vaults:3 | Killed Boris
 57172 | Vaults:3 | Found Coelenac's Book Shop.
 57392 | Vaults:3 | Reached XP level 21. HP: 194/202 MP: 32/32
 58559 | Snake:1  | Bought a Necronomicon for 728 gold pieces
 58568 | Snake:1  | Learned a level 8 spell: Necromutation
 59568 | Vaults:4 | Reached skill level 1 in Necromancy
 60040 | Vaults:4 | Reached skill level 1 in Transmutations
 60505 | Vaults:4 | Reached skill level 5 in Shields
 61162 | Vaults:4 | Identified the +1 cloak "Usubups" {-Tele Harm rPois rF-}
 61776 | Depths:1 | Entered Level 1 of the Depths
 62008 | Snake:1  | Bought the ring of the Beloved Mango {rC+ MP+9} for 442
                  | gold pieces
 62347 | Depths:1 | Noticed Boris
 62365 | Depths:1 | Killed Boris
 62381 | Depths:1 | Noticed a golden dragon
 62392 | Depths:1 | Killed a golden dragon
 62394 | Depths:1 | Identified the amulet of Cudi {Spirit rF+ Dex-5 SInv}
 62406 | Depths:1 | Paralysed by a vampire knight for 5 turns
 62409 | Depths:1 | HP: 6/204 [frost giant/bolt of cold (16)]
 63079 | Depths:1 | Reached XP level 22. HP: 202/213 MP: 33/33
 63093 | Depths:1 | Identified the +0 chain mail of Resonant Lucidity {rCorr
                  | Slay+2}
 63420 | Depths:1 | Noticed a golden dragon
 63426 | Depths:1 | Killed a golden dragon
 63481 | Depths:1 | Found a stormy altar of Qazlal.
 63617 | Depths:1 | Found a gateway to Hell.
 64044 | Depths:1 | Found a glowing golden altar of the Shining One.
 64137 | Depths:1 | Found a one-way gate to the infinite horrors of the Abyss.
 64818 | Elf:2    | Noticed Nikola
 64827 | Elf:2    | Killed Nikola
 65485 | Elf:3    | Identified the +6 rapier "Transmigrator" {vorpal, rF+ Dex+5
                  | SInv}
 65493 | Elf:3    | Identified the +1 scimitar "Texod" {flame, Str-3 Dex+4
                  | Stlth+}
 65496 | Elf:3    | Identified the +1 falchion of Ahuceing {flame, Int+4}
 65499 | Elf:3    | Cast into level 3 of the Abyss (a deep elf sorcerer)
 65518 | Abyss:3  | Noticed a dread lich
 65533 | Abyss:3  | Killed a dread lich
 66072 | Abyss:3  | Found a corrupted altar of Lugonu.
 66090 | Elf:3    | Escaped the Abyss
 66113 | Elf:3    | Gained mutation: You are frail. (-10% HP) [a cacodemon]
 66438 | Elf:3    | Identified the ring "Alebluem" {Fire rPois}
 66476 | Elf:3    | Cast into level 2 of the Abyss (a deep elf sorcerer)
 66829 | Elf:3    | Escaped the Abyss
 67150 | Elf:3    | Identified the +8 shortbow of Cotumi {vorpal, rF+ Dex+3}
 67155 | Elf:3    | Identified the +0 helmet "Ytatal" {Harm +Blink rN+}
 67156 | Elf:3    | Identified the +2 cloak of Resonance {rC+}
 67237 | Elf:3    | Got Sif Muna's Reference Book on Shifting Evil
 67242 | Elf:3    | Lost mutation: You are frail. (-10% HP) [potion of
                  | mutation]
 67242 | Elf:3    | Gained mutation: Armour fits poorly on your strangely
                  | shaped body. [potion of mutation]
 67242 | Elf:3    | Gained mutation: You are frail. (-10% HP) [potion of
                  | mutation]
 67243 | Elf:3    | Lost mutation: You are frail. (-10% HP) [potion of
                  | mutation]
 67243 | Elf:3    | Lost mutation: Armour fits poorly on your strangely shaped
                  | body. [potion of mutation]
 67243 | Elf:3    | Gained mutation: Your spells are a little easier to cast,
                  | but a little less powerful. [potion of mutation]
 67243 | Elf:3    | Gained mutation: You are agile. (Dex +2) [potion of
                  | mutation]
 67634 | Crypt:1  | Entered Level 1 of the Crypt
 67736 | Crypt:1  | Noticed Boris
 68294 | Crypt:1  | Killed Boris
 68639 | Crypt:1  | You are sucked into a shaft and drop 1 floor!
 68677 | Crypt:2  | Found a magical portal.
 68688 | WizLab   | Entered The Hall of the Hellbinder
 68867 | WizLab   | Gained mutation: You occasionally shout uncontrollably at
                  | your foes. [a neqoxec]
 69594 | WizLab   | Found a burning altar of Makhleb.
 69606 | WizLab   | Identified the +8 demon whip of the Black Skies {vamp,
                  | rElec rN+}
 69710 | WizLab   | Got the Guide on Summoning
 69712 | WizLab   | Identified the amulet "Bury" {Spirit Harm Rampage rN++
                  | Stlth-}
 69822 | Crypt:2  | Reached XP level 23. HP: 127/221 MP: 34/34
 70485 | Crypt:2  | Found a basalt altar of Yredelemnul.
 70533 | Crypt:2  | Noticed Khufu
 70534 | Crypt:2  | Noticed a royal mummy
 70541 | Crypt:2  | Noticed a royal mummy
 70545 | Crypt:2  | Noticed a royal mummy
 70549 | Crypt:2  | Killed Khufu
 70551 | Crypt:2  | Killed a royal mummy
 70552 | Crypt:2  | Reached skill level 10 in Translocations
 71038 | Crypt:2  | Killed a royal mummy
 71553 | Crypt:3  | Entered Level 3 of the Crypt
 71954 | Crypt:3  | Found a staircase to the Tomb.
 72393 | Snake:1  | Bought a manual of Fighting for 1040 gold pieces
 73008 | Crypt:3  | Found an ancient bone altar of Kikubaaqudgha.
 73073 | Crypt:3  | Got Jetzutit's Disquisition on Unholy Arts
 73079 | Crypt:3  | Identified the ring "Oggilun" {rC+ rN+}
 73082 | Crypt:3  | Identified the ring of the Harvest {rN+ Int+4 Slay+5}
 73121 | Crypt:3  | Noticed a dread lich
 73141 | Crypt:3  | Killed a dread lich
 73792 | Depths:2 | Identified the ring "Ucestaem" {Ice Will+ rCorr Str+3}
 73792 | Depths:2 | Noticed Josephina
 73806 | Depths:1 | Killed Josephina
 73807 | Depths:1 | Reached skill level 15 in Axes
 73899 | Depths:2 | Found a one-way gate leading to the halls of Pandemonium.
 74284 | Depths:2 | Found a white marble altar of Elyvilon.
 74395 | Depths:2 | Found a one-way gateway to a ziggurat.
 74396 | Depths:2 | Noticed an ancient lich
 74396 | Depths:2 | Noticed an ancient lich
 74412 | Depths:2 | Killed an ancient lich
 74418 | Depths:2 | Killed an ancient lich
 74703 | Depths:2 | Reached XP level 24. HP: 222/233 MP: 35/35
 75000 | Depths:2 | Noticed a juggernaut
 75015 | Depths:2 | Killed a juggernaut
 75525 | Depths:3 | Found a glowing silver altar of Zin.
 75575 | Depths:3 | Noticed Boris
 75577 | Depths:3 | Reached skill level 5 in Necromancy
 75586 | Depths:3 | Killed Boris
 75683 | Depths:3 | Found a runed translucent gate.
 75683 | Depths:3 | Found a runed translucent gate.
 75683 | Depths:3 | Found a runed translucent gate.
 75808 | Depths:3 | Identified the +7 short sword of Quitig {freeze, rCorr}
 76015 | Depths:3 | Found a corrupted altar of Lugonu.
 76384 | Depths:3 | Found the +10 zealot's sword {holy, *Rage rN+ EV+3}
 76413 | Depths:3 | Identified the ring of Etuj {Str+6 Int+4}
 76536 | Depths:2 | Noticed a juggernaut
 76544 | Depths:2 | Killed a juggernaut
 76561 | Depths:4 | Entered Level 4 of the Depths
 76612 | Depths:4 | Reached skill level 5 in Transmutations
 76612 | Depths:4 | Noticed a juggernaut
 76623 | Depths:4 | Killed a juggernaut
 76623 | Depths:4 | Noticed Boris
 76855 | Depths:4 | Noticed a juggernaut
 76865 | Depths:4 | Killed a juggernaut
 77143 | Depths:4 | Reached skill level 1 in Throwing
 77470 | Depths:4 | Acquired the +5 demon whip "Spellbinder" {antimagic, Will+}
 77470 | Depths:4 | Found the +5 demon whip "Spellbinder" {antimagic, Will+}
 77592 | Depths:4 | Found a gate to the Realm of Zot.
 77864 | Depths:4 | Killed Boris
 78199 | Hell     | Entered the Vestibule of Hell
 78201 | Hell     | Noticed Geryon
 78213 | Hell     | Gained mutation: Armour fits poorly on your strangely
                  | shaped body. [a cacodemon]
 78823 | Depths:4 | Lost mutation: You are agile. (Dex +2) [potion of mutation]
 78823 | Depths:4 | Lost mutation: Your spells are a little easier to cast, but
                  | a little less powerful. [potion of mutation]
 78823 | Depths:4 | Lost mutation: You occasionally shout uncontrollably at
                  | your foes. [potion of mutation]
 78823 | Depths:4 | Gained mutation: Your flesh is cold resistant. (rC+)
                  | [potion of mutation]
 78823 | Depths:4 | Gained mutation: You are strong-willed. (Will+) [potion of
                  | mutation]
 78824 | Depths:4 | Lost mutation: Your flesh is cold resistant. (rC+) [potion
                  | of mutation]
 78824 | Depths:4 | Lost mutation: You are strong-willed. (Will+) [potion of
                  | mutation]
 78824 | Depths:4 | Lost mutation: Armour fits poorly on your strangely shaped
                  | body. [potion of mutation]
 78824 | Depths:4 | Gained mutation: You are partially covered in iridescent
                  | scales. (AC +2) [potion of mutation]
 78824 | Depths:4 | Gained mutation: Your body sometimes deteriorates upon
                  | taking damage. [potion of mutation]
 78873 | Hell     | Reached skill level 15 in Maces & Flails
 78886 | Hell     | Killed Geryon
 78905 | Hell     | Reached skill level 15 in Dodging
 79076 | Hell     | Found a gateway to the ashen valley of Gehenna.
 79304 | Hell     | Reached XP level 25. HP: 194/245 MP: 35/35
 79392 | Hell     | Found a gateway to the freezing wastes of Cocytus.
 79464 | Hell     | Found a gateway to the decaying netherworld of Tartarus.
 79474 | Hell     | Reached skill level 10 in Spellcasting
 79765 | Hell     | Found a gateway to the Iron City of Dis.
 80278 | Vaults:5 | Entered Level 5 of the Vaults
 80650 | Vaults:5 | Reached skill level 10 in Shields
 80702 | Vaults:5 | Reached skill level 10 in Evocations
 80843 | Vaults:5 | Acquired 856 gold pieces
 80938 | Vaults:5 | Identified the +1 leather armour of the Onion {Rampage}
 81139 | Vaults:5 | Identified the +9 scale mail of Ungothra {Str+3 SInv}
 81144 | Vaults:5 | Got a silver rune of Zot
 81148 | Vaults:5 | Identified the ring of Exteros {rF+ rC+}
 81419 | Vaults:5 | Identified the ring "Sauthrun" {rF- rN+ MP+9 Dex+3}
 81521 | Vaults:5 | Got Egyucef's Almanac of Congealing Transformation
 81594 | Vaults:5 | Got the Handbook of Quantum Summoning
 82313 | Depths:1 | Voluntarily entered the Abyss.
 82846 | Abyss:4  | Paralysed by accursed screaming for 2 turns
 82856 | Abyss:4  | Lost mutation: Your body sometimes deteriorates upon taking
                  | damage. [a neqoxec]
 82866 | Abyss:4  | Found a burning altar of Makhleb.
 82866 | Abyss:4  | Found a blossoming altar of Fedhas.
 82866 | Abyss:4  | Found a sparkling altar of Nemelex Xobeh.
 82866 | Abyss:4  | Found a radiant altar of Vehumet.
 82866 | Abyss:4  | Found a hazy altar of Hepliaklqana.
 82866 | Abyss:4  | Found a basalt altar of Yredelemnul.
 82866 | Abyss:4  | Found an iron altar of Okawaru.
 82866 | Abyss:4  | Found a white marble altar of Elyvilon.
 82866 | Abyss:4  | Found a bloodstained altar of Trog.
 82866 | Abyss:4  | Found a snail-covered altar of Cheibriados.
 82876 | Abyss:4  | Found a glowing golden altar of the Shining One.
 82883 | Abyss:4  | Found an ornate altar of the Wu Jian Council.
 82883 | Abyss:4  | Found a shimmering altar of Xom.
 82883 | Abyss:4  | Found an opulent altar of Gozag.
 82885 | Abyss:4  | Found a hide-covered altar of Uskayaw.
 82885 | Abyss:4  | Found a stormy altar of Qazlal.
 82885 | Abyss:4  | Found a shimmering blue altar of Sif Muna.
 82885 | Abyss:4  | Found a broken altar of Ashenzari.
 82887 | Abyss:4  | Found an ancient bone altar of Kikubaaqudgha.
 82887 | Abyss:4  | Found a broken altar of Ashenzari.
 82887 | Abyss:4  | Found a shadowy altar of Dithmenos.
 83082 | Abyss:4  | Paralysed by you for 7 turns
 83113 | Abyss:4  | Found a corrupted altar of Lugonu.
 83332 | Abyss:5  | Entered Level 5 of the Abyss
 83383 | Abyss:5  | Found a bloodstained altar of Trog.
 83815 | Abyss:5  | Gained mutation: You have an uncontrollable temper. [a
                  | neqoxec]
 83858 | Abyss:5  | Paralysed by accursed screaming for 1 turns
 83892 | Depths:1 | Escaped the Abyss
 84253 | Depths:1 | Voluntarily entered the Abyss.
 84272 | Abyss:1  | Noticed a dread lich
 84283 | Abyss:1  | Killed a dread lich
 84446 | Depths:1 | Escaped the Abyss
 84939 | Geh:1    | Entered Level 1 of Gehenna
 84946 | Geh:1    | Noticed an ancient lich
 85348 | Geh:1    | Killed an ancient lich
 85732 | Geh:1    | Upgraded the game from 0.29-a0-359-g541a27f54d to
                  | 0.29-a0-362-g5854e031c7
 86048 | Slime:1  | Entered Level 1 of the Pits of Slime
 86584 | Slime:1  | Reached XP level 26. HP: 230/233 MP: 36/36
 88338 | Slime:5  | Entered Level 5 of the Pits of Slime
 88408 | Slime:5  | Gained mutation: You passively map a small area around you.
                  | [a shining eye]
 88636 | Slime:5  | Noticed the Royal Jelly
 88637 | Slime:5  | Gained mutation: You are frail. (-10% HP) [a shining eye]
 88648 | Slime:5  | Found a viscous altar of Jiyva.
 88797 | Slime:5  | Killed the Royal Jelly
 88829 | Slime:5  | Identified the +0 plate armour of a ziggurat {rN++ Regen+
                  | Int-5 Stlth+}
 88848 | Slime:5  | Got a slimy rune of Zot
 88878 | Slime:5  | Got the Tome of Flying Contamination
 89231 | Lair:5   | Lost mutation: You passively map a small area around you.
                  | [potion of mutation]
 89231 | Lair:5   | Lost mutation: You are frail. (-10% HP) [potion of
                  | mutation]
 89231 | Lair:5   | Lost mutation: You are partially covered in iridescent
                  | scales. (AC +2) [potion of mutation]
 89231 | Lair:5   | Gained mutation: Your muscles are strong. (Str +2) [potion
                  | of mutation]
 89402 | Lair:5   | Killed zorge82's ghost
 89719 | Zot:1    | Entered Level 1 of the Realm of Zot
 91968 | Zot:2    | Cast into level 3 of the Abyss (black draconian knight)
 92047 | Abyss:3  | Found a corrupted altar of Lugonu.
 92305 | Abyss:4  | Gained mutation: Your body sometimes deteriorates upon
                  | taking damage. [a neqoxec]
 92307 | Abyss:4  | Paralysed by accursed screaming for 1 turns
 92565 | Abyss:4  | Gained mutation: Your body often deteriorates upon taking
                  | damage. [a neqoxec]
 92703 | Abyss:4  | Gained mutation: You are frail. (-10% HP) [a neqoxec]
 92759 | Abyss:4  | Paralysed by you for 3 turns
 92811 | Abyss:4  | Gained mutation: You do not regenerate when monsters are
                  | visible. [a neqoxec]
 92812 | Abyss:4  | Lost mutation: Your muscles are strong. (Str +2) [a
                  | neqoxec]
 93125 | Abyss:5  | Entered Level 5 of the Abyss
 93278 | Abyss:5  | Reached XP level 27. HP: 170/243 MP: 36/36
 93278 | Abyss:5  | Got an abyssal rune of Zot
 93396 | Zot:2    | Escaped the Abyss
 93582 | Zot:2    | Noticed an orb of fire
 93593 | Zot:2    | Killed an orb of fire
 94706 | Zot:3    | You are sucked into a shaft and drop 1 floor!
 95228 | Zot:3    | Noticed an ancient lich
 95228 | Zot:3    | Noticed an orb of fire
 95228 | Zot:3    | Found a stormy altar of Qazlal.
 95239 | Zot:3    | Gained mutation: You are very frail. (-20% HP) [an orb of
                  | fire]
 95241 | Zot:3    | Gained mutation: You often lose your temper in combat. [an
                  | orb of fire]
 95248 | Zot:3    | Killed an orb of fire
 95250 | Zot:3    | Killed an ancient lich
 95252 | Zot:3    | Identified the ring of Upoocoka {rPois rN+ Int+6 Dex+2}
 96792 | Zot:5    | Entered Level 5 of the Realm of Zot
 97475 | Zot:5    | Noticed an ancient lich
 97479 | Zot:5    | Noticed a dread lich
 97485 | Zot:5    | Paralysed by something for 3 turns
 97489 | Zot:5    | Killed an ancient lich
 97490 | Zot:5    | Reached skill level 27 in Fighting
 97491 | Zot:5    | Killed a dread lich
 97527 | Zot:5    | Noticed an orb of fire
 97530 | Zot:5    | Noticed a dread lich
 97531 | Zot:5    | Noticed an ancient lich
 97531 | Zot:5    | Noticed a dread lich
 97533 | Zot:5    | Gained mutation: You have an uncontrollable temper. [an orb
                  | of fire]
 97533 | Zot:5    | Killed a dread lich
 97541 | Zot:5    | Killed an ancient lich
 97541 | Zot:5    | Gained mutation: You sometimes lose the ability to read
                  | scrolls when taking damage. [an orb of fire]
 97543 | Zot:5    | Killed a dread lich
 97818 | Zot:5    | Noticed a dread lich
 97834 | Zot:5    | Killed an orb of fire
 97859 | Zot:5    | Killed a dread lich
 98310 | Zot:5    | Noticed a dread lich
 98310 | Zot:5    | Noticed an orb of fire
 98318 | Zot:5    | Gained mutation: You are extremely frail. (-30% HP) [an orb
                  | of fire]
 98321 | Zot:5    | Noticed a dread lich
 98322 | Zot:5    | Gained mutation: You are weak. (Str -2) [an orb of fire]
 98325 | Zot:5    | Gained mutation: Armour fits poorly on your strangely
                  | shaped body. [an orb of fire]
 98326 | Zot:5    | Killed an orb of fire
 98327 | Zot:5    | Noticed an ancient lich
 98347 | Zot:5    | Lost mutation: You are weak. (Str -2) [potion of mutation]
 98347 | Zot:5    | Lost mutation: Armour fits poorly on your strangely shaped
                  | body. [potion of mutation]
 98347 | Zot:5    | Gained mutation: You passively map a small area around you.
                  | [potion of mutation]
 98347 | Zot:5    | Gained mutation: You have a beak for a mouth. [potion of
                  | mutation]
 98348 | Zot:5    | Lost mutation: You passively map a small area around you.
                  | [potion of mutation]
 98348 | Zot:5    | Lost mutation: You have a beak for a mouth. [potion of
                  | mutation]
 98348 | Zot:5    | Lost mutation: You sometimes lose the ability to read
                  | scrolls when taking damage. [potion of mutation]
 98348 | Zot:5    | Gained mutation: You are partially covered in large bone
                  | plates. (SH +4) [potion of mutation]
 98348 | Zot:5    | Gained mutation: You are partially covered in iridescent
                  | scales. (AC +2) [potion of mutation]
 98349 | Zot:5    | Lost mutation: Your body often deteriorates upon taking
                  | damage. [potion of mutation]
 98349 | Zot:5    | Lost mutation: You are extremely frail. (-30% HP) [potion
                  | of mutation]
 98349 | Zot:5    | Lost mutation: Your body sometimes deteriorates upon taking
                  | damage. [potion of mutation]
 98349 | Zot:5    | Gained mutation: You are strong-willed. (Will+) [potion of
                  | mutation]
 98350 | Zot:5    | Lost mutation: You are very frail. (-20% HP) [potion of
                  | mutation]
 98350 | Zot:5    | Lost mutation: You are frail. (-10% HP) [potion of
                  | mutation]
 98350 | Zot:5    | Lost mutation: You are partially covered in large bone
                  | plates. (SH +4) [potion of mutation]
 98350 | Zot:5    | Gained mutation: Your mind is acute. (Int +2) [potion of
                  | mutation]
 98350 | Zot:5    | Gained mutation: You are mostly covered in iridescent
                  | scales. (AC +4) [potion of mutation]
 98351 | Zot:5    | Lost mutation: Your mind is acute. (Int +2) [potion of
                  | mutation]
 98351 | Zot:5    | Lost mutation: You do not regenerate when monsters are
                  | visible. [potion of mutation]
 98351 | Zot:5    | Gained mutation: Your flesh is cold resistant. (rC+)
                  | [potion of mutation]
 98351 | Zot:5    | Gained mutation: You are dopey. (Int -2) [potion of
                  | mutation]
 98351 | Zot:5    | Gained mutation: You have sharp fingernails. [potion of
                  | mutation]
 98362 | Zot:5    | Killed an ancient lich
 98719 | Zot:5    | Killed a dread lich
 98766 | Zot:5    | Killed a dread lich
 99127 | Coc:1    | Entered Level 1 of Cocytus
100188 | Coc:4    | Paralysed by a wendigo for 1 turns
101334 | Coc:5    | Reached skill level 10 in Conjurations
101865 | Coc:5    | Learned a level 5 spell: Fireball
102176 | Coc:7    | Entered Level 7 of Cocytus
102260 | Coc:7    | Reached skill level 1 in Fire Magic
102821 | Dis:1    | Entered Level 1 of the Iron City of Dis
102829 | Dis:1    | You are sucked into a shaft and drop 1 floor!
104254 | Pan      | Entered Pandemonium
104593 | Pan      | Noticed Suluhaec the pandemonium lord
104603 | Pan      | Killed Suluhaec the pandemonium lord
105946 | Pan      | Identified the +0 pair of gloves of Cocytus {Rampage Will+
                  | Str+2}
106422 | Pan      | Noticed Axipn the pandemonium lord
106429 | Pan      | Killed Axipn the pandemonium lord
107007 | Pan      | Noticed Tuttigar the pandemonium lord
107029 | Pan      | Cast into level 5 of the Abyss (Tuttigar)
107029 | Abyss:5  | Entered Level 5 of the Abyss
107197 | Abyss:5  | Gained mutation: Potions are less effective at restoring
                  | your health. [a neqoxec]
107358 | Pan      | Escaped the Abyss
107691 | Pan      | Killed Tuttigar the pandemonium lord
108081 | Pan      | Found an exit through the horrors of the Abyss.
108750 | Pan      | Gained mutation: You are clumsy. (Dex -2) [a cacodemon]
108960 | Pan      | Entered the realm of Lom Lobon.
109046 | Pan      | Identified the +3 robe "Berar" {rF+ Slay+2}
109304 | Pan      | Noticed Lom Lobon
109307 | Pan      | Identified the +6 great sword of the Undead {antimagic,
                  | Will+ Int+3}
109658 | Pan      | Killed Lom Lobon
109680 | Pan      | Got a magical rune of Zot
110108 | Pan      | Found an exit through the horrors of the Abyss.
110653 | Pan      | Reached skill level 10 in Transmutations
110733 | Pan      | Found an exit through the horrors of the Abyss.
114152 | Pan      | Reached skill level 10 in Necromancy
114458 | Pan      | Found an exit through the horrors of the Abyss.
115166 | Pan      | Reached skill level 15 in Shields
115513 | Pan      | Found an exit through the horrors of the Abyss.
116487 | Pan      | Found an exit through the horrors of the Abyss.
117676 | Pan      | Found an exit through the horrors of the Abyss.
118778 | Pan      | Reached skill level 1 in Long Blades
118999 | Pan      | Found an exit through the horrors of the Abyss.
119503 | Pan      | Reached skill level 5 in Fire Magic
120112 | Pan      | Found an exit through the horrors of the Abyss.
121142 | Pan      | Found an exit through the horrors of the Abyss.
123182 | Pan      | Found an exit through the horrors of the Abyss.
125642 | Pan      | Reached skill level 5 in Long Blades
125685 | Pan      | Found an exit through the horrors of the Abyss.
126912 | Pan      | Glimpsed the power of Zot.
127170 | Pan      | Noticed Zinotu the pandemonium lord
127189 | Pan      | Killed Zinotu the pandemonium lord
127283 | Pan      | Got a demonic rune of Zot
129501 | Pan      | Reached skill level 27 in Crossbows
132464 | Pan      | Glimpsed the power of Zot.
132896 | Pan      | Gained mutation: You sometimes lose the ability to read
                  | scrolls when taking damage. [a neqoxec]
132982 | Pan      | Noticed Tenylyipp the pandemonium lord
132982 | Pan      | Gained mutation: You are very dopey. (Int -4) [a cacodemon]
133000 | Pan      | Killed Tenylyipp the pandemonium lord
133066 | Pan      | Found a runed translucent door.
133462 | Pan      | Gained mutation: Armour fits poorly on your strangely
                  | shaped body. [a neqoxec]
135634 | Pan      | Gained mutation: You occasionally shout uncontrollably at
                  | your foes. [a neqoxec]
137476 | Depths:2 | Escaped Pandemonium
137839 | Coc:7    | Paralysed by a wendigo for 1 turns
138201 | Coc:7    | Paralysed by a wendigo for 1 turns
138209 | Coc:7    | Paralysed by a wendigo for 1 turns
138220 | Coc:7    | Paralysed by a wendigo for 1 turns
138247 | Coc:7    | Paralysed by a wendigo for 1 turns
138248 | Coc:7    | Paralysed by a wendigo for 1 turns
138253 | Coc:7    | Paralysed by a wendigo for 1 turns
138888 | Coc:7    | Paralysed by a wendigo for 1 turns
139161 | Coc:7    | Paralysed by a wendigo for 1 turns
139278 | Coc:7    | Noticed Antaeus
139459 | Coc:7    | HP: 3/336 [Antaeus/flash freeze (14)]
139461 | Coc:7    | Killed from afar by Antaeus

Illustrated notes

Levels and vault maps discovered:
D:1:      lightli_arrival_quake, layout_loops_cross,
          shapermc_ecumenical_altar_ellora, minivault_11
D:2:      layout_rooms, chequers_serial_rivers_room_b, uniq_sigmund
D:3:      minmay_spotlight, layout_basic, minmay_fractal_squares_gapless_5
D:4:      layout_basic, serial_shops, shop, nicolae_shop_crystal,
          nicolae_shop_temple_entry_statues_fountains, shop,
          minmay_close_crescents, uniq_crazy_yiuf_cottage, uniq_ijyb
D:5:      layout_basic, mainiacjoe_overflow_alcove_3, uniq_blork_the_orc,
          uniq_edmund
D:6:      layout_basic, minmay_temple_entry_ruins, serial_park_tiny_2,
          minmay_stone_trees_small, minmay_between
D:7:      layout_loops_corners, enter_ossuary_4, kennysheep_path_1,
          serial_park_tiny_1
D:8:      layout_loops_cross, nicolae_good_shop, uniq_joseph, uniq_gastronok
D:9:      layout_basic, gammafunk_ghost_grave, nicolae_wooded_promenade,
          uniq_prince_ribbit1
D:10:     layout_loops_ring, erik_lair_orcish_takeover, hiddenorc2_lemuel
D:11:     layout_cave_pools, gammafunk_ghost_grave, kennysheep_generic_room_8
D:12:     layout_roguey, hex_medium
D:13:     layout_loops_cross, lightli_vaults_fourway_checkpoint, special_room
          [special_room_bee], uniq_nessos
D:14:     layout_stronghold, serial_rivers, chequers_serial_rivers_micro_d,
          chequers_serial_rivers_room_a, chequers_serial_rivers_room_a,
          chequers_serial_rivers_micro_e, chequers_serial_rivers_micro_c,
          uniq_snorg
D:15:     grunt_enter_depths_snipers, layout_basic,
          nicolae_ru_sacrificial_ziggurat, hangedman_abyss_or_decor_slice,
          roderic_serpentine_path, laboratory, uniq_rupert
Temple:   mainiacjoe_temple_coin_purse
Lair:1:   layout_small_grid, grunt_megastairs_4, serial_bayou_shore_b,
          uniq_maggie, uniq_sonja
Lair:2:   layout_cave_pods, minmay_snake_entry_guardpost_small,
          dreamdust_mushroom_princess, st_stairs_11, grunt_megastairs_1
Lair:3:   layout_misc_corridors, minmay_shoals_entry_beasts, grunt_megastairs_5,
          serial_bayou_shore_b
Lair:4:   layout_roguey, amcnicky_mini_pool_medium
Lair:5:   regret_index_harrowing_hell_hive, layout_hall_layers,
          minmay_slime_entry_oklob_enclosed, hellmonk_ghost_happy_afterlife,
          st_stairs_6
Lair:6:   hangedman_lair_caniforms_friends, layout_layer_cave,
          hangedman_lair_in_review, portal_ice_cave_entry_pillars_1,
          serial_bayou_pond_d, minivault_23
Shoals:1: layout_shoals
Shoals:2: layout_shoals, serial_shops, nicolae_take_the_stairs,
          nicolae_shop_advertising_works [nicolae_subvault_shop_adworks], shop,
          nicolae_shoals_water_shrine
Shoals:3: layout_shoals, nicolae_shoals_hidden_pirate_stash
Shoals:4: shoals_end_grunt_ice, layout_shoals,
          nicolae_shoals_siren_and_animal_friends
Snake:1:  layout_onion, serial_shops, shop_coins, shop, nicolae_shop_trees,
          nicolae_shop_hallway_stairs, shop, minmay_shop_grove, uniq_aizul
Snake:2:  layout_chambers, serial_shops, nicolae_shop_bloodbath_and_beyond
Snake:3:  layout_grid_shapes
Snake:4:  grunt_snake_rune_spirals, layout_onion, grunt_ministairs_2,
          st_stairs_8
Slime:1:  layout_caves
Slime:2:  layout_caves, special_room [special_room_jelly],
          cheibrodos_slime_lost_civilization_5
Slime:3:  layout_caves
Slime:4:  layout_caves, cheibrodos_slime_lost_civilization_7
Slime:5
Orc:1:    layout_caves
Orc:2:    st_orc_rangers, layout_caves, serial_shops, nicolae_shop_hallway_plus,
          basic_altar
Elf:1:    elf_arrival_001, layout_loops_corners, serial_shops,
          bzr_entry_lakeside, hangedman_elf_represent, uniq_azrael
Elf:2:    nicolae_elf_blades_crystal_corner, layout_loops_corners, uniq_nikola
Elf:3:    elf_hall_gauntlet_narrow, layout_gridlike
Vaults:1: biasface_ghost_orc_armoury, nicolae_vaults_windows_and_doors_thing,
          nicolae_vaults_ring_of_whatevers, v_misc_10,
          nicolae_vaults_little_squares_6, v_misc_24,
          nicolae_vaults_border_crossing, v_pattern_3, nicolae_vaults_asterisk,
          vaults_standard_mumra_x, nicolae_vaults_statue_guard,
          layout_vaults_big_room
Vaults:2: nicolae_vaults_ring_of_whatevers, vaults_mumra_lcd,
          dpeg_vaults_monster_row, nicolae_vaults_theta,
          minmay_crypt_entry_simple_box, ontoclasm_vaults_gateway, v_misc_5,
          layout_vaults_quadrants, uniq_frederick, uniq_bai_suzhen
Vaults:3: ontoclasm_vaults_twist, v_misc_32, v_misc_14,
          nicolae_vaults_mini_display_case, nicolae_vaults_triangles,
          ontoclasm_vaults_shout, ontoclasm_vaults_decontamination,
          vaults_room_fours, nicolae_vaults_shelves_hall,
          hangedman_vaults_pinch, ontoclasm_vaults_shuriken,
          ontoclasm_vaults_spin, layout_vaults_maze, serial_shops, shop,
          uniq_asterion, uniq_boris
Vaults:4: st_octagons_2, dpeg_vaults_monster_box,
          nicolae_vaults_little_squares_4, nicolae_vaults_three_branches,
          v_misc_33, ontoclasm_vaults_ring_large,
          nicolae_vaults_network_barrier, nicolae_vaults_specimen_jars,
          ontoclasm_vaults_chip, hangedman_vaults_variations,
          nicolae_vaults_shelves_hall, vaults_mumra_chevron_long,
          layout_vaults_omnibox
Vaults:5
Crypt:1:  layout_regular_city, grunt_megastairs_2
Crypt:2:  layout_chaotic_city, basic_altar, mu_enter_wizlab_6,
          roderic_lattice_octagonal_star, uniq_khufu
Crypt:3:  cryptofortress_bobbens
Depths:1: minmay_the_grid_four_pointed_star
          [minmay_the_grid_triangle_9x9_limited_checkers,
          minmay_the_grid_triangle_9x9_wacky_v,
          minmay_the_grid_triangle_9x9_alien,
          minmay_the_grid_triangle_9x9_corruption,
          minmay_the_grid_prize_four_corners_diamond_b], layout_gridville,
          pf_coc_iceberg, tso_altar, minmay_room_of_horrors,
          grunt_qazlal_sundering
Depths:2: cheibrodos_leafed_vault, layout_basic, enter_ziggurat_d,
          lightli_too_deep, abyss_entry_small_statue_room, elyvilon_altar_3,
          rand_demon_pan_entry_3, infiniplex_staircase_river,
          serial_bayou_shore_b, uniq_josephina
Depths:3: dreamdust_tengu_aerie, layout_gridlike, abyss_entry_flame_altar,
          grunt_hell_entry_dis_old, old_standard_altar, pandoras_box_mu,
          infiniplex_staircase_x
Depths:4: grunt_zot_entry_alcove, layout_long_grid, hell_entry, serial_rivers,
          chequers_serial_rivers_micro_c, chequers_serial_rivers_marsh,
          chequers_serial_rivers_marsh, chequers_serial_rivers_large_b,
          minivault_16
Hell
Dis:1:    layout_gridville
Dis:2:    layout_gridville, nicolae_dis_grated_feature
Dis:3:    layout_subdivisions
Geh:1:    layout_gehenna_pools_basic
Coc:1:    layout_ice_bergs, nicolae_hells_seeping_fissure
Coc:2:    layout_cocytus_water_paths
Coc:3:    layout_cocytus_water_paths, serial_ice, serial_ice_e
Coc:4:    layout_ice_bergs
Coc:5:    layout_cocytus_water_paths
Coc:6:    layout_cocytus_delve
Coc:7:    coc_hangedman
Zot:1:    layout_cellular_growth
Zot:2:    layout_twisted_circle
Zot:3:    regret_index_qazlal_generations, layout_cathedral_of_symmetry
Zot:4:    nicolae_zot_stationary_front, layout_gridlike
Zot:5:    layout_onion

Skill      XL: |  1  2  3  4  5  6  7  8  9 10 11 12 13 14 15 16 17 18 19 20 21 22 23 24 25 26 27 |
---------------+----------------------------------------------------------------------------------+-----
Crossbows      | 5 6 7 8 9 10 11 13 15 17 18 19 20 21 22 23 27 | 27.0
Fighting       | 3 4 5 6 7 9 10 12 13 15 16 17 18 19 20 21 22 23 24 26 27 | 27.0
Armour         | 1 2 4 5 6 7 8 9 10 11 12 13 14 15 16 17 18 19 20 22 26 | 26.5
Dodging        | 3 4 5 6 7 8 9 10 11 12 13 14 15 16 20 | 20.2
Spellcasting   | 1 2 3 4 5 6 7 8 9 10 14 | 14.8
Stealth        | 1 2 3 4 |  4.1
Maces & Flails | 1 3 4 5 6 7 8 9 10 11 12 13 14 15 19 | 19.0
Invocations    | 2 3 4 5 6 7 8 9 10 11 12 | 12.0
Conjurations   | 2 3 4 5 6 7 8 11 | 11.6
Translocations | 2 3 4 5 6 7 8 9 10 11 13 | 13.9
Air Magic      | 2 3 4 5 6 |  6.3
Evocations     | 1 3 4 5 6 7 8 9 10 14 | 14.9
Axes           | 4 6 8 10 11 13 14 15 16 17 | 17.9
Shields        | 3 4 5 6 8 9 10 11 17 | 17.7
Necromancy     | 2 3 4 5 6 7 11 | 11.7
Transmutations | 2 3 4 5 6 7 12 | 12.3
Throwing       | 1 |  1.1
Fire Magic     | 7 |  7.5
Long Blades    | 9 |  9.0
Unarmed Combat | |  0.4

Action                   |  1- 3 |  4- 6 |  7- 9 | 10-12 | 13-15 | 16-18 | 19-21 | 22-24 | 25-27 || total
-------------------------+-------+-------+-------+-------+-------+-------+-------+-------+-------++-------
Melee: Unarmed           |     1 |       |       |       |       |       |       |       |       ||     1
       Dagger            |     2 |       |       |       |       |       |       |       |       ||     2
       Headbutt          |       |       |       |       |     1 |    34 |   199 |   568 |  1434 ||  2236
       Hand crossbow     |       |       |       |       |     1 |       |       |     1 |     1 ||     3
       Flail             |       |       |       |       |       |    64 |   452 |   342 |       ||   858
       Demon whip        |       |       |       |       |       |       |       |   913 |  3541 ||  4454
       Broad axe         |       |       |       |       |       |       |       |       |    16 ||    16
 Fire: Hand crossbow     |    90 |   136 |   310 |   488 |  1239 |  1794 |  1428 |   718 |  4132 || 10335
Throw: Javelin           |       |       |       |       |       |       |       |     7 |       ||     7
       Boomerang         |       |       |       |       |       |       |       |    17 |       ||    17
       Dart              |       |       |       |       |       |       |       |     1 |       ||     1
 Cast: Airstrike         |       |       |       |       |       |       |    22 |     5 |    30 ||    57
       Iskenderun's Myst |       |       |       |       |       |       |    67 |    14 |    56 ||   137
       Manifold Assault  |       |       |       |       |       |       |       |    17 |   212 ||   229
       Fireball          |       |       |       |       |       |       |       |       |   176 ||   176
Invok: Slouch            |       |       |       |     2 |     1 |     8 |     6 |    11 |    33 ||    61
       Step From Time    |       |       |       |       |       |       |     1 |       |     4 ||     5
Evoke: Condenser vane    |       |       |       |       |     1 |     3 |     5 |     5 |    11 ||    25
       Lightning rod     |       |       |       |       |       |     3 |     6 |     4 |     4 ||    17
       Box of beasts     |       |       |       |       |       |       |     5 |     3 |    10 ||    18
       Wand              |       |       |       |       |       |       |       |     6 |    13 ||    19
       Tin of tremorston |       |       |       |       |       |       |       |     2 |    12 ||    14
       Horn of Geryon    |       |       |       |       |       |       |       |       |     7 ||     7
       Phantom mirror    |       |       |       |       |       |       |       |       |     4 ||     4
  Use: Scroll            |       |     3 |     3 |    12 |    21 |     3 |    16 |     8 |    21 ||    87
       Potion            |       |       |     2 |       |     2 |     4 |     8 |     6 |    16 ||    38
 Stab: Distracted        |       |       |       |       |       |       |       |     1 |     3 ||     4
       Invisible         |       |       |       |       |       |       |       |       |     1 ||     1
       Petrifying        |       |       |       |       |       |       |       |       |     3 ||     3
       Confused          |       |       |       |       |       |       |       |       |     2 ||     2
Armor: Leather armour    |    10 |     1 |       |       |       |       |       |       |       ||    11
       Ring mail         |       |    12 |    15 |    40 |    98 |       |       |       |       ||   165
       Skin              |       |       |       |       |    18 |       |       |       |       ||    18
       Plate armour      |       |       |       |       |    79 |   432 |   224 |       |       ||   735
       Storm dragon scal |       |       |       |       |       |       |   190 |       |       ||   190
       Gold dragon scale |       |       |       |       |       |       |    27 |   638 |  1917 ||  2582
Dodge: Dodged            |    33 |    56 |    74 |   220 |   664 |  1438 |  1333 |  1386 |  4353 ||  9557
       Repelled          |       |       |     1 |     2 |    16 |    63 |    28 |       |       ||   110
Block: Buckler           |       |       |       |       |       |       |   727 |   965 |  3026 ||  4718
       Rpst.: Flail      |       |       |       |       |       |    23 |    84 |    42 |       ||   149
       Demon whip        |       |       |       |       |       |       |       |   119 |   390 ||   509
       Unarmed           |       |       |       |       |       |       |       |     1 |       ||     1
       Broad axe         |       |       |       |       |       |       |       |       |     3 ||     3

Table legend: (Time is in decaauts)
 A = Elapsed time spent in this place.
 B = Non-inter-level travel time spent in this place.
 C = Inter-level travel time spent in this place.
 D = Time resting spent in this place.
 E = Time spent auto-exploring this place.
 F = Levels seen in this place.
 G = Mean time per level.
                   A        B        C        D        E       F      G
               +--------+--------+--------+--------+--------+-----+--------+
         Total | 205279 | 189756 |  15523 |  14970 | 140482 |  94 | 2183.8 |
       Dungeon |  28714 |  23863 |   4851 |   1994 |  18928 |  15 | 1914.3 |
        Temple |     96 |     81 |     15 |      0 |     62 |   1 |   96.0 |
          Lair |  13821 |  12048 |   1773 |     36 |  10487 |   6 | 2303.5 |
        Shoals |   9943 |   9371 |    572 |   1026 |   6429 |   4 | 2485.8 |
     Snake Pit |   9797 |   8964 |    833 |    990 |   6773 |   4 | 2449.2 |
    Slime Pits |   5627 |   5246 |    381 |     76 |   4021 |   5 | 1125.4 |
  Orcish Mines |   2133 |   1917 |    216 |      0 |   1378 |   2 | 1066.5 |
   Elven Halls |  10191 |   9335 |    856 |    855 |   6875 |   3 | 3397.0 |
        Vaults |  19724 |  16873 |   2851 |    948 |  12924 |   5 | 3944.8 |
         Crypt |   6211 |   5785 |    426 |    655 |   3841 |   3 | 2070.3 |
        Depths |  12184 |  10808 |   1376 |   1521 |   7666 |   4 | 3046.0 |
          Hell |   3892 |   3712 |    180 |   1961 |   1104 |   1 | 3892.0 |
           Dis |    939 |    840 |     99 |      0 |    696 |   3 |  313.0 |
       Gehenna |    635 |    625 |     10 |      0 |    534 |   1 |  635.0 |
       Cocytus |   6212 |   5614 |    598 |    616 |   3680 |   7 |  887.4 |
           Zot |  11824 |  11344 |    480 |    843 |   8878 |   5 | 2364.8 |
         Abyss |   7448 |   7448 |      0 |    275 |   3796 |  15 |  496.5 |
   Pandemonium |  52048 |  52048 |      0 |   2310 |  40304 |   6 | 8674.7 |
        Bazaar |    423 |    423 |      0 |      0 |    396 |   1 |  423.0 |
       Ossuary |    278 |    278 |      0 |      0 |    200 |   1 |  278.0 |
      Ice Cave |   1756 |   1756 |      0 |    329 |   1010 |   1 | 1756.0 |
        Wizlab |   1374 |   1374 |      0 |    531 |    492 |   1 | 1374.0 |
               +--------+--------+--------+--------+--------+-----+--------+

Top non-repeatable levels by time:
Vaults:1: 4988 daAuts
    D:13: 4582 daAuts
Depths:1: 4422 daAuts
    D:14: 4229 daAuts
Vaults:2: 4165 daAuts
Vaults:4: 4124 daAuts
 Snake:4: 4098 daAuts
    Hell: 3892 daAuts
Vaults:3: 3848 daAuts
   Elf:2: 3837 daAuts
Shoals:4: 3685 daAuts
  Lair:6: 3448 daAuts
   Elf:1: 3400 daAuts
Depths:4: 3200 daAuts
    D:10: 3012 daAuts
